 Dungeon Crawl Stone Soup version 0.30-a0-996-ga6910c8ee8 (webtiles) character file.

Game seed: 2105481470149572543

13 ytrimaz the Shield-Bearer (level 2, -9/36 HPs)
             Began as a Formicid Fighter on Apr 5, 2023.
             Mangled by Sigmund
             ... wielding a +0 heavy scythe
              (14 damage)
             ... on level 2 of the Dungeon.
             The game lasted 00:00:56 (962 turns).

ytrimaz the Shield-Bearer (Formicid Fighter)         Turns: 962, Time: 00:00:57

Health: -9/36      AC: 21    Str: 20    XL:     2   Next: 50%
Magic:  2/2        EV:  2    Int:  7    God:
Gold:   25         SH:  0    Dex: 13    Spells: 1/1 levels left

rFire   . . .      SeeInvis .    a - +0 war axe
rCold   . . .      Faith    .    c - +0 buckler
rNeg    . . .      Spirit   .    b - melded +0 scale mail
rPois   +          Reflect  .    (helmet unavailable)
rElec   .          Rampage  .    (cloak currently unavailable)
rCorr   .                        (gloves currently unavailable)
Will    .....                    (boots currently unavailable)
Stlth   +                        (no amulet)
HPRegen 0.26/turn                g - ring of poison resistance
MPRegen 0.08/turn                (no ring)

@: confused, mighty, tree-form (expiring), attractive, invisible
A: stationary, stasis, torment immunity, boosted hp, permanent stasis, dig
shafts and tunnels, (antennae 3), four strong arms
a: no special abilities


You were on level 2 of the Dungeon.
You were a tree.
You visited 1 branch of the dungeon, and saw 2 of its levels.

You collected 25 gold pieces.


Innate Abilities, Weirdness & Mutations

You are a tree.
Your roots penetrate the ground, keeping you stationary.
You cannot be teleported.
You are immune to unholy pain and torment.
Your maximum health is greatly increased.
Your equipment is partially melded.
You cannot be hasted, slowed, berserked, paralysed or teleported.
You can dig through walls and to a lower floor.
((You have a pair of large antennae on your head. (SInv)))
Your four strong arms can wield two-handed weapons with a shield.


   Skills:
 - Level 3.2 Fighting
 + Level 2.8 Axes
 - Level 3.2 Armour
 - Level 4.1 Shields


You had one spell level left.
You didn't know any spells.
Your spell library was empty.

Inventory:

Hand Weapons
 a - a +0 war axe (weapon)
Armour
 b - a +0 scale mail (melded)
 c - a +0 buckler (worn)
Jewellery
 g - a ring of poison resistance (left branch)
   (You found it on level 1 of the Dungeon)
Potions
 f - 2 potions of lignification

Dungeon Overview and Level Annotations

Branches:
Dungeon (2/15) Zot: 11013

Altars:

Annotations:
D:2 Sigmund

#.........#
##.........#
#<.........##
##...........##
..............#
...#..........#
......){......#
#......♣......#
###....<......#
###........##
#..........#
#..........#
#..........#
#..........#
#........!.#
##........##


There were no monsters in sight!


Message History

Unknown command.
You start waiting.
Done waiting.
You now have 25 gold pieces (gained 4).
f - 3 glowing inky potions (gained 1) Key pressed, stopping explore.
Key pressed, stopping explore.
You open the door.
Key pressed, stopping explore.
You see here a +0 whip.
There is a stone staircase leading down here.
Key pressed, stopping explore.
Key pressed, stopping explore.
Key pressed, stopping explore.
You see here a +2 hat.
Key pressed, stopping explore.
Key pressed, stopping explore.
Done exploring.
Done exploring.
Done exploring.
Done exploring.
There is a stone staircase leading down here.
You climb downwards.
Sigmund shouts!
The kobold shouts!
Found 2 fuming purple potions.
Found a stone staircase leading up.
There is a stone staircase leading up here.
There are monsters nearby!
There are monsters nearby!
Sigmund points at you and mumbles some strange words.
You are confused.
It was a potion of lignification.
You turn into a tree.
Your +0 scale mail melds into your body.
Your roots penetrate the ground. 😎 HP[+12]
You now have 36 max hp (+12).
Your hp is fully restored (36).
Unknown command.
Sigmund hits you from afar with a +0 heavy scythe. 😕 HP[-3]
You take 3 damage, and now have 33/36 hp.
The kobold hits you but does no damage.
Unknown command.
The kobold hits you with a +0 dagger.
It was a potion of attraction.
You feel attractive to monsters.
You feel less confused.
Sigmund hits you from afar with a +0 heavy scythe.
You block the kobold's attack.
Sigmund is attracted toward you. 😕 HP[-4]
You take 4 damage, and now have 29/36 hp.
Unknown command.
Okay, then.
You closely miss Sigmund. You slash the kobold!
You kill the kobold!
Unknown command.
You closely miss Sigmund.
Sigmund mumbles some strange words.
Sigmund flickers and vanishes!
Deactivating autopickup; reactivate with Ctrl-A.
Something completely misses you. 😕 HP[+1] Unknown command.
You cannot move.
You cannot move.
Unknown command.
You cannot move.
You cannot move.
Unknown command.
You cannot move.
You hit something. You barely miss something.
You hear some strange, mumbled words.
A magic dart appears from out of thin air!
The magic dart hits you! 😮 HP[-8]
You take 8 damage, and now have 22/36 hp.
MASSIVE DAMAGE!! (PAUSE)
You miss something. Something hits you!
* * * LOW HITPOINT WARNING * * *
😨 HP[-10]
You take 10 damage, and now have 12/36 hp.
MASSIVE DAMAGE!! (PAUSE)
You feel very mighty all of a sudden.
Unknown command.
You closely miss something. Something hits you!
* * * LOW HITPOINT WARNING * * *
😱 HP[-9]
You take 9 damage, and now have 3/36 hp.
MASSIVE DAMAGE!! (PAUSE)
You miss something.
Something hits you but does no damage. 😱 HP[+1] Unknown command.
You miss something.
Unknown command.
You miss something.
You hear some strange, mumbled words.
You are confused.
It was a potion of invisibility.
You fade into invisibility!
Your transformation is almost over.
Something hits you!
You die...

Action                     || total
---------------------------++-------
  Melee: War axe           ||    61
    Use: Potion            ||     4
         Scroll            ||     2
 Armour: Scale mail        ||    24
         Skin              ||     2
  Dodge: Dodged            ||    33
  Block: Buckler           ||    17

Levels and vault maps discovered:
D:1:      dpeg_arrival_yet_another_circle, layout_loops_ring
D:2:      layout_rooms, uniq_robin, uniq_sigmund

Notes
Turn   | Place    | Note
-------+----------+-------------------------------------------
     0 | D:1      | ytrimaz the Formicid Fighter began the quest for the Orb.
     0 | D:1      | Reached XP level 1. HP: 18/18 MP: 1/1
     0 | D:1      | magus.rc [v1.9.6]
   102 | D:1      | Reached XP level 2. HP: 12/24 MP: 2/2
   945 | D:2      | Noticed Sigmund
   958 | D:2      | HP: 3/36 [something (9)]
   962 | D:2      | Mangled by Sigmund

Vanquished Creatures
  A goblin (D:1)
  4 jackals (D:1)
  2 kobolds
  A quokka (D:1)
  A frilled lizard (D:1)
  3 rats (D:1)
12 creatures vanquished.

Table legend:
 A = Non-vault XP
 B = Vault XP
 C = Vault XP percentage of total XP
 D = Non-vault monster count
 E = Vault monster count
 F = Vault count percentage of total count
                 A         B        C        D         E       F
            +---------+---------+-------+---------+---------+-------
      Total |      19 |       0 |   0.0 |      12 |       0 |   0.0
            +---------+---------+-------+---------+---------+-------
        D:1 |      18 |       0 |   0.0 |      11 |       0 |   0.0
        D:2 |       1 |       0 |   0.0 |       1 |       0 |   0.0
            +---------+---------+-------+---------+---------+-------

Illustrated notes

Table legend:
 A = Kills in this place as a percentage of kills in the entire game.
 B = Kills by you in this place as a percentage of kills by you in the entire game.
 C = Kills by friends in this place as a percentage of kills by friends in the entire game.
 D = Other kills in this place as a percentage of other kills in the entire game.
 E = Experience gained in this place as a percentage of experience gained in the entire game.
 F = Experience gained in this place divided by the number of levels of this place that you have seen.
                   A       B       C       D       E      F
               +-------+-------+-------+-------+-------+----------------------
         Total | 100.0 | 100.0 |   N/A |   N/A | 100.0 |   9.5
       Dungeon | 100.0 | 100.0 |   N/A |   N/A | 100.0 |   9.5
               +-------+-------+-------+-------+-------+----------------------

Table legend: (Time is in decaauts)
 A = Elapsed time spent in this place.
 B = Non-inter-level travel time spent in this place.
 C = Inter-level travel time spent in this place.
 D = Time resting spent in this place.
 E = Time spent auto-exploring this place.
 F = Levels seen in this place.
 G = Mean time per level.
                   A        B        C        D        E       F      G
               +--------+--------+--------+--------+--------+-----+--------+
         Total |    985 |    963 |     22 |    100 |    714 |   2 |  492.5 |
       Dungeon |    985 |    963 |     22 |    100 |    714 |   2 |  492.5 |
               +--------+--------+--------+--------+--------+-----+--------+

Top non-repeatable levels by time:
     D:1: 965 daAuts
     D:2: 20 daAuts
